% Time on Ice - LONG BEACH BARACUDAS
Lines # - Real PCT - Wanted PCT - Time Play
Normal Forward
1 - 37% - 40% - 19:37
2 - 29% - 33% - 15:32
3 - 21% - 18% - 11:18
4 - 12% - 9% - 6:28
Normal Defense
1 - 33% - 40% - 17:20
2 - 29% - 30% - 15:12
3 - 30% - 15% - 15:57
4 - 8% - 15% - 4:26
PP Forward
1 - 51% - 51% - 3:36
2 - 49% - 49% - 3:29
PP Defense
1 - 40% - 55% - 2:52
2 - 60% - 45% - 4:13
PK Forward
1 - 0% - 60%
2 - 0% - 40%
PK Defense
1 - 0% - 55%
2 - 0% - 45%
PK3 Forward
1 - 0% - 55%
2 - 0% - 45%
PK3 Defense
1 - 0% - 55%
2 - 0% - 45%
44 Forward
1 - 0% - 55%
2 - 0% - 45%
44 Defense
1 - 0% - 55%
2 - 0% - 45%
Last Minute Offensive  - 0:00
Last Minute Defensive  - 0:00
Total
Forward - 60:00
Defense - 60:00
% Time on Ice - RENO LIONS
Lines # - Real PCT - Wanted PCT - Time Play
Normal Forward
1 - 32% - 33% - 16:44
2 - 32% - 33% - 17:02
3 - 24% - 24% - 12:51
4 - 12% - 10% - 6:18
Normal Defense
1 - 33% - 36% - 17:25
2 - 38% - 36% - 20:07
3 - 27% - 23% - 14:18
4 - 2% - 5% - 1:05
PP Forward
1 - 0% - 55%
2 - 0% - 45%
PP Defense
1 - 0% - 55%
2 - 0% - 45%
PK Forward
1 - 65% - 55% - 4:37
2 - 35% - 45% - 2:28
PK Defense
1 - 46% - 55% - 3:15
2 - 54% - 45% - 3:50
PK3 Forward
1 - 0% - 55%
2 - 0% - 45%
PK3 Defense
1 - 0% - 55%
2 - 0% - 45%
44 Forward
1 - 0% - 60%
2 - 0% - 40%
44 Defense
1 - 0% - 60%
2 - 0% - 40%
Last Minute Offensive  - 0:00
Last Minute Defensive  - 0:00
Total
Forward - 60:00
Defense - 60:00
Play-by-Play 1st period 0:01 of 1st period - Steven Stamkos wins face-off versus Elias Pettersson in neutral zone. 0:55 of 1st period - Icing by Alex Pietrangelo. 0:56 of 1st period - William Karlsson wins face-off versus Steven Stamkos in LONG BEACH BARACUDAS zone. 1:19 of 1st period - Shot by William Karlsson. 1:19 of 1st period - Shot Misses the Net. 1:25 of 1st period - Shot by Anders Lee. 1:25 of 1st period - Shot Misses the Net. 2:54 of 1st period - Shot by Kyle Palmieri. 2:54 of 1st period - Stopped by Thomas Greiss with a rebound. 3:57 of 1st period - Shot by J.T. Compher. 3:57 of 1st period - Stopped by Thomas Greiss without a rebound. 3:58 of 1st period - William Karlsson wins face-off versus Pierre-Edouard Bellemare in RENO LIONS zone. 4:21 of 1st period - William Karlsson is hit by Jordie Benn. 4:40 of 1st period - Shot by William Karlsson. 4:40 of 1st period - Stopped by Jonathan Quick without a rebound. 4:41 of 1st period - Elias Pettersson wins face-off versus Brock Nelson in LONG BEACH BARACUDAS zone. 5:06 of 1st period - Shot by Brock Nelson. 5:06 of 1st period - Shot Misses the Net. 5:14 of 1st period - Shot by Brock Nelson. 5:14 of 1st period - Stopped by Thomas Greiss with a rebound. 5:18 of 1st period - Shot by Brock Nelson. 5:18 of 1st period - Shot Blocked by Robert Hagg. 5:20 of 1st period - Shot by Kyle Palmieri. 5:20 of 1st period - Shot Blocked by Robert Hagg. 5:31 of 1st period - Icing by Ethan Bear. 5:32 of 1st period - Derek Stepan wins face-off versus Elias Pettersson in RENO LIONS zone. 6:22 of 1st period - Off-side. 6:23 of 1st period - Steven Stamkos wins face-off versus Tomas Nosek in neutral zone. 7:43 of 1st period - Shot by William Karlsson. 7:43 of 1st period - Stopped by Jonathan Quick with a rebound. 7:45 of 1st period - Shot by Blake Coleman. 7:45 of 1st period - Shot Misses the Net. 7:49 of 1st period - Shot by William Karlsson. 7:49 of 1st period - Shot Misses the Net. 8:11 of 1st period - Shot by Vincent Hinostroza. 8:11 of 1st period - Goal by Vincent Hinostroza - LONG BEACH BARACUDAS : 0 - RENO LIONS : 1. 8:12 of 1st period - Jayce Hawryluk wins face-off versus Brock Nelson in neutral zone. 8:23 of 1st period - Shot by Andreas Johnsson. 8:23 of 1st period - Stopped by Thomas Greiss with a rebound. 8:26 of 1st period - Icing by Oscar Klefbom. 8:27 of 1st period - J.T. Compher wins face-off versus Jayce Hawryluk in RENO LIONS zone. 8:36 of 1st period - Shot by Mikael Granlund. 8:36 of 1st period - Goal by Mikael Granlund - LONG BEACH BARACUDAS : 1 - RENO LIONS : 1. 8:37 of 1st period - Tomas Nosek wins face-off versus Brock Nelson in neutral zone. 8:52 of 1st period - Shot by Brock Nelson. 8:52 of 1st period - Goal by Brock Nelson - LONG BEACH BARACUDAS : 2 - RENO LIONS : 1. 8:53 of 1st period - William Karlsson wins face-off versus Mikael Granlund in neutral zone. 9:22 of 1st period - J.T. Compher is hit by Blake Coleman and loses puck. 9:27 of 1st period - Shot by Anders Lee. 9:27 of 1st period - Stopped by Jonathan Quick with a rebound. 9:29 of 1st period - Shot by William Karlsson. 9:29 of 1st period - Shot Blocked by Michael Del Zotto. 9:33 of 1st period - Shot by William Karlsson. 9:33 of 1st period - Deflect By Anders Lee. 9:33 of 1st period - Stopped by Jonathan Quick without a rebound. 9:34 of 1st period - Brock Nelson wins face-off versus Tomas Nosek in LONG BEACH BARACUDAS zone. 9:34 of 1st period - Brock Nelson is hit by Leo Komarov. 9:58 of 1st period - Minor Penalty to Ryan Pulock for Roughing. 9:59 of 1st period - Tomas Nosek wins face-off versus Kyle Palmieri in RENO LIONS zone. 9:59 of 1st period - Oscar Klefbom is hit by Kyle Palmieri and loses puck. 10:14 of 1st period - Leo Komarov is hit by Kyle Palmieri and loses puck. 10:19 of 1st period - Shot by Reyley Smith. 10:19 of 1st period - Stopped by Thomas Greiss with a rebound. 10:21 of 1st period - Shot by Kyle Palmieri. 10:21 of 1st period - Shot Misses the Net. 10:31 of 1st period - Shot by Kyle Palmieri. 10:31 of 1st period - Shot Misses the Net. 11:17 of 1st period - Shot by Taylor Hall. 11:17 of 1st period - Shot Misses the Net. 11:19 of 1st period - Shot by Brock Nelson. 11:19 of 1st period - Shot Misses the Net. 11:21 of 1st period - Shot by Ben Hutton. 11:21 of 1st period - Stopped by Thomas Greiss without a rebound. 11:22 of 1st period - Steven Stamkos wins face-off versus Leo Komarov in RENO LIONS zone. 11:23 of 1st period - Shot by Reyley Smith. 11:23 of 1st period - Shot Blocked by Vincent Hinostroza. 11:25 of 1st period - Shot by Jordie Benn. 11:25 of 1st period - Stopped by Thomas Greiss without a rebound. 11:26 of 1st period - Steven Stamkos wins face-off versus Tomas Nosek in RENO LIONS zone. 11:43 of 1st period - Shot by Kyle Palmieri. 11:43 of 1st period - Shot Misses the Net. 11:45 of 1st period - Shot by Reyley Smith. 11:45 of 1st period - Shot Misses the Net. 11:49 of 1st period - Shot by Reyley Smith. 11:49 of 1st period - Shot Misses the Net. 11:51 of 1st period - Shot by Reyley Smith. 11:51 of 1st period - Stopped by Thomas Greiss without a rebound. 11:52 of 1st period - Brock Nelson wins face-off versus Leo Komarov in RENO LIONS zone. 12:11 of 1st period - Shot by Pierre-Edouard Bellemare. 12:11 of 1st period - Shot Blocked by Ryan Pulock. 12:13 of 1st period - Shot by J.T. Compher. 12:13 of 1st period - Stopped by Thomas Greiss without a rebound. 12:14 of 1st period - Steven Stamkos wins face-off versus William Karlsson in RENO LIONS zone. 12:14 of 1st period - Steven Stamkos is hit by Ryan Pulock. 13:37 of 1st period - Shot by Elias Pettersson. 13:37 of 1st period - Shot Misses the Net. 13:39 of 1st period - Shot by Elias Pettersson. 13:39 of 1st period - Stopped by Jonathan Quick without a rebound. 13:40 of 1st period - Tomas Nosek wins face-off versus Derek Stepan in LONG BEACH BARACUDAS zone. 13:41 of 1st period - Shot by Leo Komarov. 13:41 of 1st period - Stopped by Jonathan Quick without a rebound. 13:42 of 1st period - Brock Nelson wins face-off versus Elias Pettersson in LONG BEACH BARACUDAS zone. 13:49 of 1st period - Shot by Kyle Palmieri. 13:49 of 1st period - Shot Blocked by Jacob Trouba. 15:18 of 1st period - Shot by J.T. Compher. 15:18 of 1st period - Shot Blocked by Robert Hagg. 15:31 of 1st period - Ethan Bear is hit by Michael Del Zotto and loses puck. 16:01 of 1st period - Anders Lee is hit by Alex Pietrangelo and loses puck. 16:08 of 1st period - Shot by William Karlsson. 16:08 of 1st period - Deflect By A